 Dungeon Crawl Stone Soup version 0.29-a0-490-g77b3608bb8 (webtiles) character file.

Game seed: 7538188697577850198

730 spiderkeys the Skirmisher (level 7, -5/66 HPs)
             Began as a Naga Abyssal Knight on May 26, 2022.
             Was a Priest of Lugonu.
             Slain by an iguana (10 damage)
             ... on level 4 of the Dungeon.
             The game lasted 00:06:52 (4636 turns).

spiderkeys the Skirmisher (Naga Abyssal Knight)     Turns: 4636, Time: 00:06:52

Health: -5/66      AC: 12    Str: 18    XL:     7   Next: 73%
Magic:  4/10       EV:  7    Int: 24    God:    Lugonu [***...]
Gold:   161        SH:  0    Dex: 11    Spells: 9/11 levels left

rFire   + . .      SeeInvis +   a - +2 spear
rCold   + . .      Faith    .   (no shield)
rNeg    . . .      Spirit   .   r - +2 leather armour {rPois}
rPois   +          Reflect  .   (no helmet)
rElec   .          Harm     .   m - scarf {rC+ rF+}
rCorr   .          Rampage  .   (no gloves)
Will    .....                   h - +2 barding of the Pure Wars {Str+3 Int+5}
Stlth   +.........              (no amulet)
HPRegen 0.21/turn               I - +6 ring of intelligence
MPRegen 0.12/turn               (no ring)

@: very slow
A: AC +2, large, see invisible, deformed body, poison resistance, slowness 2,
spit poison 1, naga tail 1
a: Spit Poison, Renounce Religion, Depart the Abyss, Bend Space, Banish


You were on level 4 of the Dungeon.
You worshipped Lugonu.
Lugonu was most pleased with you.
You visited 1 branch of the dungeon, and saw 4 of its levels.
You visited the Abyss 1 time.

You collected 161 gold pieces.


Innate Abilities, Weirdness & Mutations

Your serpentine skin is tough. (AC +2)
You have supernaturally acute eyesight. (SInv)
Armour fits poorly on your strangely shaped body.
Your system is resistant to poisons. (rPois)
You cover ground very slowly.
You can spit poison.
You have a snake-like lower body.


   Skills:
 + Level 4.8 Fighting
 + Level 4.3 Polearms
 - Level 2.0 Armour
 - Level 0.7 Dodging
 - Level 2.5 Spellcasting
 + Level 3.3 Poison Magic
 + Level 4.8 Invocations


You had 9 spell levels left.
You knew the following spells:

 Your Spells              Type           Power      Damage    Failure   Level
p - Poisonous Vapours     Pois/Air       22%        N/A       11%         2

Your spell library contained the following spells:

 Spells                   Type           Power      Damage    Failure   Level
 Corpse Rot               Necr/Pois/Air  8%         N/A       63%         4

Inventory:

Hand Weapons
 a - a +2 spear (weapon)
Missiles
 f - 166 stones
 g - 2 datura-tipped darts
 q - 7 poisoned darts
Armour
 b - a +0 leather armour
   (You took it off a kobold on level 4 of the Dungeon)
 h - the +2 barding of the Pure Wars (worn) {Str+3 Int+5}
   (You acquired it on level 3 of the Dungeon)

   Str:       It affects your strength (+3).
   Int:       It affects your intelligence (+5).
 m - a scarf of resistance (worn)
   (You found it on level 2 of the Dungeon)
 r - a +2 leather armour of poison resistance (worn)
   (You took it off Eustachio on level 4 of the Dungeon)
Jewellery
 I - a +6 ring of intelligence (left hand)
   (You found it on level 2 of the Dungeon)
Scrolls
 d - a scroll of identify {@r1}
 i - a scroll of noise {unknown}
 o - a scroll of fog {unknown}
 p - a scroll of blinking {!r}
Potions
 c - a potion of flight {unknown}
 e - a potion of degeneration {unknown}
 j - a potion of magic
 s - a potion of resistance {unknown}

Dungeon Overview and Level Annotations

Branches:
Dungeon (4/15)
 Temple: D:4-7

Altars:
Ashenzari
Dithmenos
Makhleb
Wu Jian
Zin

Annotations:
D:4 1 runed translucent door, NateTC's ghost, novice HOFi

...'......##.....#
...#......'##.##.#
...#.[....##.##.##
...#..)...##..#..#
####......##.##.## #
.....###'##..#..# .#
.....#...###)##.##.#
.....#....#.##.##โ€ ##
.....#.......#.ยง@lยง#
.....#...###########
######...#.......
.........'.......
.........#.......
.........#.......
....##...#.......
....##...#.......
.........#.......


You could see an iguana (very poisoned).


Message History

An iguana comes into view.
The black bear bites you. The black bear barely misses you.
The black bear claws you but does no damage. ๐Ÿ˜• HP[-3]
You take 3 damage, and now have 63/66 hp.
The iguana hisses angrily.
You hit the black bear. The black bear bites you!
The black bear claws you but does no damage.
The black bear closely misses you. ๐Ÿ˜• HP[-7]
You take 7 damage, and now have 56/66 hp.
You hit the black bear. The black bear barely misses you.
The black bear claws you. x2 ๐Ÿ˜• HP[-4]
You take 4 damage, and now have 52/66 hp.
Aiming: Spit Poison (1% risk of failure)
Press: ? - help, Shift-Dir - straight line, f/p - black bear
Aim: a black bear (heavily wounded, 70% to hit)
The splash of poison hits the black bear.
The black bear is poisoned.
The black bear closely misses you.
The black bear claws you but does no damage.
The black bear claws you. ๐Ÿ˜• HP[-1]
You take 1 damage, and now have 51/66 hp.
You closely miss the black bear.
The black bear bites you but does no damage.
The black bear claws you.
The black bear barely misses you. ๐Ÿ˜• HP[-1]
You take 1 damage, and now have 50/66 hp.
You hit the black bear.
The black bear goes berserk!
You hit the black bear. The black bear bites you.
The black bear claws you but does no damage.
The black bear closely misses you. ๐Ÿ˜ฎ HP[-5]
You take 5 damage, and now have 45/66 hp.
You hit the black bear.
The black bear bites you but does no damage.
The black bear claws you but does no damage. x2
You barely miss the black bear.
You have got your breath back.
The black bear bites you but does no damage.
The black bear claws you but does no damage. x2
The black bear bites you but does no damage.
The black bear claws you. x2 ๐Ÿ˜ฎ HP[-1]
You take 1 damage, and now have 44/66 hp.
You hit the black bear.
You kill the black bear!
Lugonu accepts your kill.
Your Poison Magic skill increases to level 3!
You hit the iguana but do no damage. The iguana bites you! ๐Ÿ˜ฎ HP[-7]
You take 7 damage, and now have 37/66 hp.
Aiming: Spit Poison (1% risk of failure)
Press: ? - help, Shift-Dir - straight line, f - iguana
Aim: an iguana (65% to hit)
The splash of poison misses the iguana.
The iguana bites you.
* * * LOW HITPOINT WARNING * * *
๐Ÿ˜จ HP[-4]
You take 4 damage, and now have 33/66 hp.
You hit the iguana but do no damage. The iguana bites you.
* * * LOW HITPOINT WARNING * * *
๐Ÿ˜จ HP[-6]
You take 6 damage, and now have 27/66 hp. ๐Ÿ˜จ HP[+1]
Casting: Poisonous Vapours (safe; 11% risk of failure)
Confirm with . or Enter, or press ? or * to list all spells.
Aiming: Poisonous Vapours (safe; 11% risk of failure)
Press: ? - help, Dir - move target, f/p - iguana
Aim: an iguana Poisonous vapours surround the iguana!
The iguana is poisoned.
The iguana bites you!
* * * LOW HITPOINT WARNING * * *
๐Ÿ˜จ HP[-10] MP[-2]
You take 10 damage, and now have 18/66 hp.
You lost 2 mp, and now have 8/10 mp.
Casting: Poisonous Vapours (safe; 11% risk of failure)
Confirm with . or Enter, or press ? or * to list all spells.
Aiming: Poisonous Vapours (safe; 11% risk of failure)
Press: ? - help, Dir - move target, f/p - iguana
Aim: an iguana (lightly wounded, poisoned) Poisonous vapours surround the iguana!
The iguana looks even sicker.
The iguana bites you!
* * * LOW HITPOINT WARNING * * *
๐Ÿ˜ฑ HP[-9] MP[-2]
You take 9 damage, and now have 9/66 hp.
You lost 2 mp, and now have 6/10 mp.
Okay, then.
Space bends violently around you!
You blink.
You have got your breath back. ๐Ÿ˜ฑ HP[-2] MP[-1]
You take 2 damage, and now have 7/66 hp.
You lost 1 mp, and now have 5/10 mp.
Unknown command.
Space bends violently around you!
You blink.
The iguana bites you!
You die...

Skill      XL: |  1  2  3  4  5  6  7 |
---------------+----------------------+-----
Spellcasting   | 1 2 |  2.5
Fighting       | 4 |  4.8
Polearms       | 3 4 |  4.3
Invocations    | 3 4 |  4.8
Poison Magic   | 2 3 |  3.3
Armour         | 2 |  2.0
Dodging        | |  0.7

Action                   |  1- 3 |  4- 6 |  7- 9 || total
-------------------------+-------+-------+-------++-------
Melee: Spear             |   104 |   123 |    71 ||   298
       Punch             |       |     1 |       ||     1
Throw: Dart              |       |       |     2 ||     2
 Cast: Poisonous Vapours |       |     2 |     2 ||     4
Invok: Bend Space        |       |     4 |     3 ||     7
 Abil: Spit Poison       |     5 |     6 |     4 ||    15
  Use: Scroll            |     4 |     4 |       ||     8
       Potion            |     1 |       |       ||     1
 Stab: Sleeping          |     1 |     1 |       ||     2
Armor: Leather armour    |    21 |    36 |    15 ||    72
       Ring mail         |       |    23 |    59 ||    82
Dodge: Dodged            |    57 |    25 |    34 ||   116

Levels and vault maps discovered:
D:1:      dpeg_arrival_boxorama, layout_loops_ring,
          shapermc_ecumenical_altar_notcrosses, serial_park_tiny_1, st_stairs_11
D:2:      layout_loops_ring, grunt_ministairs_6, uniq_sigmund
D:3:      layout_loops_ring, mainiacjoe_overflow_boulevard,
          mainiacjoe_overflow_alcove_1, grunt_temple_overflow_diamond
D:4:      minmay_angry_zag, layout_gridville, kennysheep_okawaru_gauntlet,
          gammafunk_ghost_grave, uniq_eustachio

Notes
Turn   | Place    | Note
-------+----------+-------------------------------------------
     0 | Abyss:1  | spiderkeys the Naga Abyssal Knight began the quest for the
                  | Orb.
     0 | Abyss:1  | Reached XP level 1. HP: 21/21 MP: 2/2
     0 | Abyss:1  | magus.rc [v1.11.3]
     7 | D:1      | You pass through the gate.
     7 | D:1      | Escaped the Abyss
   397 | D:1      | Reached XP level 2. HP: 28/28 MP: 3/3
   945 | D:1      | Found a faded altar of an unknown god.
  1692 | D:2      | Reached skill level 1 in Spellcasting
  1692 | D:2      | Reached XP level 3. HP: 33/34 MP: 4/4
  1883 | D:2      | Noticed Sigmund
  1893 | D:2      | HP: 5/34 [Sigmund/+0 scythe (11)]
  2158 | D:2      | Killed Sigmund
  2159 | D:2      | Reached skill level 4 in Fighting
  2159 | D:2      | Reached skill level 3 in Polearms
  2159 | D:2      | Reached skill level 2 in Spellcasting
  2159 | D:2      | Reached skill level 3 in Invocations
  2159 | D:2      | Reached XP level 4. HP: 37/44 MP: 4/7
  2159 | D:2      | Reached XP level 5. HP: 42/50 MP: 4/8
  2573 | D:2      | You pick up a book of Vapours and begin reading...
  2573 | D:2      | You add the spells Poisonous Vapours and Corpse Rot to your
                  | library.
  2604 | D:2      | Learned a level 2 spell: Poisonous Vapours
  2754 | D:2      | Reached XP level 6. HP: 48/57 MP: 9/9
  2911 | D:3      | Identified a scroll of acquirement
  2911 | D:3      | Acquired the +2 barding of the Pure Wars {Str+3 Int+5}
  3112 | D:3      | Reached *** piety under Lugonu
  3247 | D:3      | Reached skill level 1 in Poison Magic
  3338 | D:3      | Found a glowing silver altar of Zin.
  3386 | D:3      | Found a burning altar of Makhleb.
  3690 | D:3      | Found a broken altar of Ashenzari.
  3692 | D:3      | Found an ornate altar of the Wu Jian Council.
  3696 | D:3      | Found a shadowy altar of Dithmenos.
  3816 | D:4      | Reached skill level 4 in Invocations
  3952 | D:4      | Reached skill level 2 in Poison Magic
  4176 | D:4      | Reached skill level 4 in Polearms
  4176 | D:4      | Reached XP level 7. HP: 66/66 MP: 10/10
  4178 | D:4      | Found a runed translucent door.
  4182 | D:4      | Noticed NateTC's ghost (novice HOFi)
  4265 | D:4      | Identified the +6 dagger of the Land of Plenty {speed,
                  | Int+4}
  4269 | D:4      | Noticed Eustachio
  4322 | D:4      | Killed Eustachio
  4323 | D:4      | Reached skill level 2 in Armour
  4629 | D:4      | Reached skill level 3 in Poison Magic
  4634 | D:4      | HP: 9/66 [iguana (9)]
  4636 | D:4      | Slain by an iguana

Vanquished Creatures
  Sigmund (D:2)
  Eustachio (D:4)
  A black bear (D:4)
  An ogre (D:3)
  A necrophage (D:4)
  A jelly (D:4)
  2 orc wizards (D:4)
  5 adders
  A worm (D:2)
  A dart slug (D:4)
  4 orcs
  12 endoplasms
  3 giant cockroaches
  8 hobgoblins
  5 kobolds
  3 quokkas
  6 ball pythons
  7 bats
  3 frilled lizards
  3 goblins
  4 rats
73 creatures vanquished.

Table legend:
 A = Non-vault XP
 B = Vault XP
 C = Vault XP percentage of total XP
 D = Non-vault monster count
 E = Vault monster count
 F = Vault count percentage of total count
                 A         B        C        D         E       F
            +---------+---------+-------+---------+---------+-------
      Total |     464 |     580 |  55.6 |      58 |      15 |  20.5
            +---------+---------+-------+---------+---------+-------
        D:1 |      22 |       7 |  24.1 |      15 |       4 |  21.1
        D:2 |      71 |     227 |  76.2 |      14 |       3 |  17.6
        D:3 |     166 |       0 |   0.0 |      19 |       0 |   0.0
        D:4 |     205 |     346 |  62.8 |      10 |       8 |  44.4
            +---------+---------+-------+---------+---------+-------

Illustrated notes

Table legend:
 A = Kills in this place as a percentage of kills in entire the game.
 B = Kills by you in this place as a percentage of kills by you in the entire game.
 C = Kills by friends in this place as a percentage of kills by friends in the entire game.
 D = Other kills in this place as a percentage of other kills in the entire game.
 E = Experience gained in this place as a percentage of experience gained in the entire game.
 F = Experience gained in this place divided by the number of levels of this place that you have seen.
                   A       B       C       D       E      F
               +-------+-------+-------+-------+-------+----------------------
         Total | 100.0 | 100.0 |   N/A |   N/A | 100.0 | 208.8
       Dungeon | 100.0 | 100.0 |   N/A |   N/A | 100.0 | 261.0
               +-------+-------+-------+-------+-------+----------------------

Table legend: (Time is in decaauts)
 A = Elapsed time spent in this place.
 B = Non-inter-level travel time spent in this place.
 C = Inter-level travel time spent in this place.
 D = Time resting spent in this place.
 E = Time spent auto-exploring this place.
 F = Levels seen in this place.
 G = Mean time per level.
                   A        B        C        D        E       F      G
               +--------+--------+--------+--------+--------+-----+--------+
         Total |   5499 |   5359 |    140 |    721 |   3946 |   5 | 1099.8 |
       Dungeon |   5489 |   5349 |    140 |    721 |   3944 |   4 | 1372.2 |
         Abyss |      9 |      9 |      0 |      0 |      2 |   1 |    9.0 |
               +--------+--------+--------+--------+--------+-----+--------+

Top non-repeatable levels by time:
     D:1: 2034 daAuts
     D:2: 1397 daAuts
     D:3: 1082 daAuts
     D:4: 975 daAuts
 Abyss:1: 9 daAuts
